 Dungeon Crawl Stone Soup version 0.21.1-1-g345015f (webtiles) character file.

156 VLARC the Digger (level 5, -10/37 (38) HPs)
             Began as a Ghoul Earth Elementalist on Apr 5, 2018.
             Killed from afar by an orc wizard (13 damage)
             ... with a puff of flame
             ... on level 3 of the Dungeon.
             The game lasted 00:03:29 (2139 turns).

VLARC the Digger (Ghoul Earth Elementalist)         Turns: 2139, Time: 00:03:30

HP:   -10/37 (38)   AC:  2    Str: 12    XL:     5   Next: 37%
MP:   1/9           EV: 12    Int: 11    God:
Gold: 86            SH:  0    Dex:  9    Spells: 6/10 levels left

rFire    . . .     SeeInvis .   (no weapon)
rCold    + . .     Gourm    .   (no shield)
rNeg     + + +     Faith    .   c - +0 robe
rPois    ∞         Spirit   .   (no helmet)
rElec    .         Reflect  .   (no cloak)
rCorr    +         Harm     .   (no gloves)
MR       .....                  (no boots)
Stlth    ++........             (no amulet)
HPRegen  0.00/turn              i - ring of resist corrosion
MPRegen  0.11/turn              (no ring)

@: very slightly contaminated, rotting
A: rotting body, claws 1, carnivore, cold resistance 1, negative energy
resistance 3, inhibited regeneration, torment resistance, unbreathing
a: no special abilities


You were on level 3 of the Dungeon.
You were not hungry.

You visited 1 branch of the dungeon, and saw 3 of its levels.

You collected 86 gold pieces.

Inventory:

Armour
 c - a +0 robe (worn)
Jewellery
 i - a ring of resist corrosion (left claw)
Scrolls
 a - a scroll of identify
 b - a scroll of enchant armour {unknown}
 f - a scroll of magic mapping {unknown}
 g - a scroll of blinking {unknown}
 n - a scroll of random uselessness {unknown}
Potions
 h - 2 potions of brilliance
 j - a potion of berserk rage {unknown}
 k - a potion of agility {unknown}
 l - a potion of curing {unknown}
Books
 e - a book of Geomancy

   Spells                             Type                      Level
   a - Sandblast                      Earth                        1
   b - Passwall                       Transmutation/Earth          2
   c - Stone Arrow                    Conjuration/Earth            3
   d - Petrify                        Transmutation/Earth          4
   e - Lee's Rapid Deconstruction     Earth                        5
Comestibles
 d - 4 rations


   Skills:
 - Level 1.7 Dodging
 - Level 2.1 Stealth
 + Level 3.4 Spellcasting
   Level 0.8 Transmutations
 + Level 5.1 Earth Magic


You had 6 spell levels left.
You knew the following spells:

 Your Spells              Type           Power        Failure   Level  Hunger
a - Sandblast             Erth           ##....       3%          1    #......
b - Stone Arrow           Conj/Erth      #.....       26%         3    ###....


Dungeon Overview and Level Annotations

Branches:
Dungeon (3/15)

Altars:


Innate Abilities, Weirdness & Mutations

Your body is rotting away.
You thrive on raw meat.
You are immune to poison.
You have sharp fingernails.
You are carnivorous and can eat meat at any time.
Your flesh is cold resistant. (rC+)
You are immune to negative energy. (rN+++)
You do not regenerate when monsters are visible.
You are immune to unholy pain and torment.
You can survive without breathing.


Message History

Confirm with . or Enter, or press ? or * to list all spells.
You don't have enough magic to cast that spell.
Casting: Stone Arrow
Confirm with . or Enter, or press ? or * to list all spells.
You don't have enough magic to cast that spell.
The orc priest casts a cantrip, but nothing happens.
The orc wizard gestures at you while chanting.
The puff of flame hits you!
The orc wizard points at you and mumbles some strange words.
The magic dart hits you!
* * * LOW HITPOINT WARNING * * *
The orc priest looks satisfied for a moment.
The orc wizard gestures at you while chanting.
The puff of frost hits you! You resist.
* * * LOW HITPOINT WARNING * * *
The orc wizard casts a spell.
The orc wizard seems to speed up.
The orc wizard points at you and mumbles some strange words.
The puff of flame hits you!
You die...

###.# #o.## #...#
#.... #.### #o.#. #.#
#..#. #.# #. #.... #)#
#. ####o #.# #. #.
####.#### #.#######.
#....@..#####.........
#.##......o.##..o.....
#.##..#.###g##...o....
#.##.....##.#..g......
#.###.#..o..o........#
#.......###.#........#
#####................#
........####.........#
.#.####.# #...#######


You could see an orc priest, an orc wizard and a hobgoblin.

Vanquished Creatures
  The ghost of Harpaggios the Insei, a weakling DsTm (D:3)
  5 adders
  An ooze (D:2)
  An adder skeleton (D:2)
  2 worms (D:3)
  3 dart slugs
  3 leopard geckos (D:3)
  3 orcs (D:3)
  5 bats
  A giant cockroach (D:1)
  5 goblins
  6 hobgoblins
  2 quokkas (D:2)
  2 ball pythons
  A frilled lizard (D:3)
  4 kobolds
  2 rats
47 creatures vanquished.

Notes
Turn   | Place    | Note
-------+----------+-------------------------------------------
     0 | D:1      | VLARC the Ghoul Earth Elementalist began the quest for the Orb.
     0 | D:1      | Reached XP level 1. HP: 14/14 MP: 2/2
   100 | D:1      | Reached XP level 2. HP: 18/20 MP: 2/4
   879 | D:2      | Reached XP level 3. HP: 17/24 MP: 1/5
   965 | D:2      | Reached skill level 4 in Earth Magic
  1222 | D:2      | You fall through a shaft!
  1226 | D:3      | Reached XP level 4. HP: 27/33 MP: 5/7
  1269 | D:3      | Noticed Harpaggios's ghost (weakling DsTm)
  1438 | D:3      | Killed Harpaggios's ghost
  1438 | D:3      | Reached XP level 5. HP: 36/38 MP: 2/8
  1480 | D:3      | Reached skill level 5 in Earth Magic
  2044 | D:3      | Learned a level 3 spell: Stone Arrow
  2139 | D:3      | Killed from afar by an orc wizard

Skill      XL: |  1  2  3  4  5 |
---------------+----------------+-----
Spellcasting   | 2 3 |  3.4
Earth Magic    | 4 5 |  5.1
Dodging        | |  1.7
Stealth        | |  2.1
Transmutations | |  0.8

Action                   |  1- 3 |  4- 6 || total
-------------------------+-------+-------++-------
Melee: Unarmed           |    38 |   110 ||   148
 Cast: Sandblast         |    33 |    35 ||    68
       Stone Arrow       |       |     1 ||     1
  Use: Scroll            |     2 |       ||     2
       Potion            |     1 |       ||     1
 Stab: Sleeping          |     3 |     1 ||     4
  Eat: Chunk             |     5 |    24 ||    29
Armor: Robe              |    15 |    13 ||    28
Dodge: Dodged            |    33 |    83 ||   116
